 Dungeon Crawl Stone Soup version 0.24-a0-499-g1074bba3cf (webtiles) character file.

Game seed: 875070073184948796

569 Inarius the Chucker (level 7, 0/52 HPs)
             Began as a Demonspawn Hunter on July 14, 2019.
             Was a Believer of Trog.
             Slain by a worker ant (2 damage)
             ... on level 4 of the Dungeon.
             The game lasted 00:09:24 (5465 turns).

Inarius the Chucker (Demonspawn Hunter)             Turns: 5465, Time: 00:09:25

Health: 0/52       AC:  9    Str: 14    XL:     7   Next: 11%
Magic:  7/7        EV: 10    Int: 13    God:    Trog [**....]
Gold:   42         SH:  0    Dex: 15    Spells: 6/6 levels left

rFire    . . .     SeeInvis .   u - +0 war axe
rCold    . . .     Gourm    .   (no shield)
rNeg     . . .     Faith    .   h - +0 scale mail of the Prince {rPois rCorr Dex+2}
rPois    +         Spirit   .   (helmet restricted)
rElec    .         Reflect  .   e - +0 cloak
rCorr    +         Harm     .   (no gloves)
MR       .....                  (no boots)
Stlth    ..........             (no amulet)
HPRegen  0.17/turn              (no ring)
MPRegen  0.10/turn              k - ring of flight

@: lethally poisoned (0 -> -2)
A: antennae 2, molten scales 1, powered by pain 1
a: Berserk, Trog's Hand, Renounce Religion, Evoke Flight


You were on level 4 of the Dungeon.
You worshipped Trog.
Trog was pleased with you.
You were not hungry.

You visited 1 branch of the dungeon, and saw 4 of its levels.

You collected 172 gold pieces.
You spent 130 gold pieces at shops.

Inventory:

Hand Weapons
 u - a +0 war axe (weapon)
Missiles
 c - 9 javelins (quivered)
 d - 4 throwing nets
Armour
 e - a +0 cloak (worn)
 h - the +0 scale mail of the Prince (worn) {rPois rCorr Dex+2}
   (You found it on level 4 of the Dungeon)

   It affects your dexterity (+2).
   It protects you from poison.
   It provides partial protection from all sources of acid and corrosion.
 o - a +0 scale mail
Jewellery
 k - a ring of flight (right hand)
Wands
 s - a wand of clouds (1)
 t - a wand of iceblast (10)
Scrolls
 j - a scroll of fear
 l - 3 scrolls of blinking
 n - 2 scrolls of enchant weapon
 q - a scroll of enchant armour
 v - 3 scrolls of teleportation
Potions
 a - a potion of magic
 b - a potion of flight
 i - a potion of might
 m - a potion of resistance {unknown}
 p - 2 potions of haste
 r - 2 potions of curing
 w - 2 potions of mutation {unknown}
 x - a potion of brilliance {unknown}
Comestibles
 f - 12 rations
 g - 3 chunks of flesh


   Skills:
 + Level 3.0 Fighting
   Level 3.0 Short Blades
 * Level 1.7 Axes
 + Level 4.7 Throwing
 + Level 3.0 Armour
 + Level 3.1 Dodging
 - Level 1.1 Stealth
 * Level 0.5 Evocations


You had 6 spell levels left.
You didn't know any spells.
Your spell library was empty.

Dungeon Overview and Level Annotations

Branches:
Dungeon (4/15)             Temple (0/1) D:4

Altars:
Cheibriados
Hepliaklqana
Makhleb
Nemelex Xobeh
Ru
Sif Muna
Trog

Shops:
D:4 *


Innate Abilities, Weirdness & Mutations

You have a pair of antennae on your head.
You are partially covered in molten scales. (AC +2)
You sometimes gain a little power by taking damage.


Message History

* * * LOW HITPOINT WARNING * * *
The worker ant bites you.
* * * LOW HITPOINT WARNING * * *
You hit the worker ant but do no damage.
The worker ant is severely wounded.
You feel sick. The worker ant closely misses you. x2
You hit the worker ant but do no damage.
The worker ant is severely wounded.
The worker ant closely misses you. The worker ant bites you.
* * * LOW HITPOINT WARNING * * *
Your scale mail of the Prince prevents you from hitting the worker ant.
The worker ant is severely wounded.
* * * LOW HITPOINT WARNING * * *
You feel sick.
The worker ant bites you but does no damage.
You barely miss the worker ant.
The worker ant is severely wounded.
The worker ant bites you but does no damage.
The worker ant bites you.
You die...

####..##......##..##.....#......#
#....##......##.)#.......##.>..
#.##..##......##.###..##......#
#####....##......### #.....#.##..
..#...##..##......## #..##.#....#
..#.###...###......# #........#..
..###...###......#'# #..##.##.#..
..#...###......###.# #...........
..#.###......###@..# ############
..#'#......###$a..## #
..#......###....#..#
.......###...##.##.# # ..#[.###
..# #. .# # ..#### #############
## ...# #..........# #. ####
#.........## ##. # ##........#
########)#


You could see a worker ant.

Vanquished Creatures
  2 howler monkeys (D:4)
  A centaur skeleton (D:4)
  Terence (D:3)
  2 worker ants (D:4)
  4 orc wizards
  Ijyb (D:4)
  A hound skeleton (D:4)
  Robin (D:3)
  4 gnolls (D:3)
  7 adders
  An ooze (D:1)
  An adder skeleton (D:4)
  2 worms
  3 dart slugs
  3 leopard geckos
  8 orcs
  A giant cockroach (D:4)
  17 goblins
  10 hobgoblins
  8 jackals
  3 quokkas (D:4)
  3 ball pythons (D:1)
  10 bats
  4 frilled lizards
  13 kobolds
  A leopard gecko skeleton (D:4)
  2 rats
114 creatures vanquished.

Notes
Turn   | Place    | Note
-------+----------+-------------------------------------------
     0 | D:1      | Inarius the Demonspawn Hunter began the quest for the Orb.
     0 | D:1      | Reached XP level 1. HP: 16/16 MP: 1/1
   601 | D:1      | Reached skill level 4 in Throwing
   748 | D:1      | Gained mutation: You are partially covered in molten
                  | scales. (AC +2) [demonic ancestry]
   748 | D:1      | Reached XP level 2. HP: 14/22 MP: 2/2
   916 | D:1      | Reached skill level 1 in Stealth
   961 | D:1      | Gained mutation: You sometimes gain a little power by
                  | taking damage. [demonic ancestry]
   961 | D:1      | Reached XP level 3. HP: 9/27 MP: 3/3
  1580 | D:2      | Found a bloodstained altar of Trog.
  1598 | D:2      | Became a worshipper of Trog the Wrathful
  1770 | D:2      | Reached skill level 1 in Short Blades
  1912 | D:2      | Reached XP level 4. HP: 21/34 MP: 4/4
  2114 | D:2      | Reached skill level 1 in Armour
  2268 | D:2      | Found a sacrificial altar of Ru.
  2268 | D:2      | Found a sparkling altar of Nemelex Xobeh.
  2523 | D:3      | Found a sacrificial altar of Ru.
  2889 | D:3      | Reached * piety under Trog
  3046 | D:3      | Noticed Terence
  3285 | D:3      | Found a deep blue altar of Sif Muna.
  3337 | D:3      | Killed Terence
  3337 | D:3      | Reached XP level 5. HP: 39/39 MP: 5/5
  3338 | D:3      | Noticed Robin
  3424 | D:3      | Killed Robin
  3675 | D:3      | Found a faded altar of an unknown god.
  3675 | D:3      | Found a burning altar of Makhleb.
  3680 | D:3      | Found a hazy altar of Hepliaklqana.
  3682 | D:3      | Found a snail-covered altar of Cheibriados.
  3683 | D:3      | Found a faded altar of an unknown god.
  3958 | D:4      | Gained mutation: You have a pair of small antennae on your
                  | head. [demonic ancestry]
  3958 | D:4      | Reached XP level 6. HP: 30/46 MP: 6/6
  4295 | D:4      | Found a staircase to the Ecumenical Temple.
  4783 | D:4      | Got a smoking scale mail
  4794 | D:4      | Identified the cursed +0 scale mail of the Prince {rPois
                  | rCorr Dex+2} (You found it on level 4 of the Dungeon)
  4837 | D:4      | Reached skill level 1 in Axes
  4954 | D:4      | Noticed Ijyb
  4962 | D:4      | Killed Ijyb
  5021 | D:4      | Reached ** piety under Trog
  5021 | D:4      | Gained mutation: You have a pair of antennae on your head.
                  | [demonic ancestry]
  5021 | D:4      | Reached XP level 7. HP: 48/52 MP: 7/7
  5089 | D:4      | Found Moagiu's General Store.
  5100 | D:4      | Bought a potion of curing for 30 gold pieces
  5100 | D:4      | Bought a scroll of teleportation for 30 gold pieces
  5100 | D:4      | Bought a scroll of identify for 20 gold pieces
  5100 | D:4      | Bought a scroll of identify for 20 gold pieces
  5100 | D:4      | Bought a scroll of remove curse for 30 gold pieces
  5463 | D:4      | HP: 2/52 [worker ant (4)]
  5465 | D:4      | Slain by a worker ant

Levels and vault maps discovered:
D:1:      psy_arrival_radial02, layout_rooms, minmay_tiny_reverse_x
D:2:      layout_rooms, lemuel_crystal_altar, amethyst_overflow_temple_binary
D:3:      layout_rooms, chequers_temple_overflow_minitemple, marbit_many_paths,
          first_ration, nicolae_ru_the_path_less_chosen, uniq_robin,
          uniq_terence
D:4:      minmay_razor_zed, layout_cave_pods, minmay_temple_entry_ruins,
          serial_shops, shop, guppyfry_early_lair_pool, uniq_ijyb

Skill      XL: |  1  2  3  4  5  6  7 |
---------------+----------------------+-----
Throwing       | 4 |  4.7
Stealth        | 1 |  1.1
Dodging        | 2 3 |  3.1
Short Blades   | 1 2 3 |  3.0
Armour         | 1 2 3 |  3.0
Axes           | 1 |  1.7
Fighting       | 3 |  3.0
Evocations     | |  0.5

Action                   |  1- 3 |  4- 6 |  7- 9 || total
-------------------------+-------+-------+-------++-------
Melee: Short sword       |   204 |    48 |       ||   252
       Dagger            |       |   230 |       ||   230
       War axe           |       |    61 |    47 ||   108
Throw: Boomerang         |       |    23 |       ||    23
       Javelin           |       |    21 |       ||    21
Invok: Berserk           |       |     4 |       ||     4
 Abil: Evoke Flight      |       |     1 |       ||     1
Evoke: Wand              |       |     3 |       ||     3
  Use: Scroll            |     5 |     2 |     5 ||    12
       Potion            |       |     2 |       ||     2
  Eat: Chunk             |     3 |    14 |     2 ||    19
Armor: Leather armour    |    42 |       |       ||    42
       Scale mail        |    71 |   126 |    25 ||   222
Dodge: Dodged            |   128 |   169 |    31 ||   328

Table legend:
 A = Non-vault XP
 B = Vault XP
 C = Vault XP percentage of total XP
 D = Non-vault monster count
 E = Vault monster count
 F = Vault count percentage of total count
                 A         B        C        D         E       F
            +---------+---------+-------+---------+---------+-------
      Total |     554 |     259 |  31.9 |      90 |      24 |  21.1
            +---------+---------+-------+---------+---------+-------
        D:1 |      50 |       3 |   5.7 |      26 |       2 |   7.1
        D:2 |      69 |       0 |   0.0 |      18 |       0 |   0.0
        D:3 |     145 |      86 |  37.2 |      30 |      13 |  30.2
        D:4 |     290 |     170 |  37.0 |      16 |       9 |  36.0
            +---------+---------+-------+---------+---------+-------
